 Dungeon Crawl Stone Soup version 0.22.1-6-g1668fe2 (webtiles) character file.

485 Harpaggios the Changer (level 7, -4/52 HPs)
             Began as a Merfolk Transmuter on Jan 20, 2019.
             Was an Initiate of Makhleb.
             Killed by divine providence
             ... invoked by an orc priest
              (15 damage)
             ... on level 5 of the Dungeon.
             The game lasted 00:19:54 (4831 turns).

Harpaggios the Changer (Merfolk Transmuter)         Turns: 4831, Time: 00:19:55

Health: -4/52      AC:  2    Str: 10    XL:     7   Next: 13%
Magic:  9/10       EV: 21    Int: 16    God:    Makhleb [......]
Gold:   281        SH:  0    Dex: 20    Spells: 4/10 levels left

rFire    . . .     SeeInvis .     - Unarmed
rCold    . . .     Gourm    .   (shield currently unavailable)
rNeg     . . .     Faith    .   (armour currently unavailable)
rPois    x         Spirit   .   (helmet currently unavailable)
rElec    .         Reflect  .   (cloak currently unavailable)
rCorr    .         Harm     .   (gloves currently unavailable)
MR       .....     Clarity  +   (boots currently unavailable)
Stlth    ++........             (no amulet)
HPRegen  0.00/turn              (no ring)
MPRegen  0.12/turn              (no ring)

@: spider-form, drained
A: tiny, (change form in water), (swift swim), (stealthy swim), clarity, clever
1, deterioration 1, inhibited regeneration
a: End Transformation, Renounce Religion


You were on level 5 of the Dungeon.
You worshipped Makhleb.
Makhleb was noncommittal.
You were not hungry.
You were a venomous arachnid creature.
You visited 1 branch of the dungeon, and saw 5 of its levels.

You collected 281 gold pieces.

Inventory:

Armour
 b - a +0 robe (melded)
 i - a +1 helmet (melded)
Wands
 c - a wand of clouds (7)
 e - a wand of iceblast (5)
Scrolls
 a - a scroll of teleportation
 g - 2 scrolls of remove curse
Potions
 f - a potion of curing
 h - 2 potions of resistance {unknown}
 j - a potion of flight {unknown}
 k - a potion of lignification {unknown}
 p - 2 potions of brilliance {unknown}
Comestibles
 d - 7 rations


   Skills:
 + Level 3.6(3.1) Fighting
 + Level 3.3(2.8) Dodging
 * Level 5.1(4.7) Unarmed Combat
 - Level 2.0(1.5) Spellcasting
 - Level 6.0(5.6) Transmutations
 + Level 2.8(2.4) Poison Magic


You had 4 spell levels left.
You knew the following spells:

 Your Spells              Type           Power        Failure   Level  Hunger
a - Beastly Appendage     Tmut           ###...       9%          1    ##.....
b - Sticks to Snakes      Tmut           ###.....     11%         2    ###....
c - Spider Form           Tmut/Pois      ##........   30%         3    ####...

Your spell library contained the following spells:

 Spells                   Type           Power        Failure   Level  Hunger
 Ice Form                 Ice/Tmut       ##......     77%         4    #####..
 Blade Hands              Tmut           ###.......   73%         5    ######.


Dungeon Overview and Level Annotations

Branches:
Dungeon (5/15)
 Temple: D:4-7

Altars:
Dithmenos
Hepliaklqana
Makhleb
Yredelemnul
The Shining One


Innate Abilities, Weirdness & Mutations

((You revert to your normal form in water.))
((You are very nimble and swift while swimming.))
((You are very stealthy in the water. (Stealth+)))
You possess an exceptional clarity of mind.
Your mind is acute. (Int +2)
Your body sometimes deteriorates upon taking damage.
You do not regenerate when monsters are visible.


Message History

The orc priest looks satisfied for a moment.
Something closely misses you. The ice beast hits you.
The ice beast freezes you.
You barely miss something. Something barely misses you.
The orc priest invokes the aid of Beogh against you.
Beogh smites you!
You hit the ice beast but do no damage.
The ice beast is lightly wounded.
The ice beast closely misses you.
The orc priest invokes the aid of Beogh against you.
Beogh smites you!
* * * LOW HITPOINT WARNING * * *
Something hits you but does no damage.
You feel drained.
The orc priest begins to cast a cantrip, but forgets the words!
There is a stone staircase leading up here.
The orc priest casts a cantrip, but nothing happens.
The ice beast looks more healthy.
The orc priest invokes the aid of Beogh against you.
Beogh smites you!
You die...

.)..........+.....
.........!..#....#
..^.........#....# #
............#...# ..
#..###'#####...# ...
#..##..)####...# ....
...........o....#.....
.........o............
.....(.......Ys.......
......................
......................
####+###.##..####.####
#.##+## .# ##. . #


You could see an ice beast and 2 orc priests.

Vanquished Creatures
  An ice beast (D:4)
  2 scorpions (D:4)
  A gnoll shaman (D:4)
  An orc wizard (D:5)
  A hound skeleton (D:4)
  3 adders
  4 gnolls
  A worm (D:2)
  5 dart slugs
  2 leopard geckos
  6 orcs
  2 giant cockroaches
  5 goblins
  7 hobgoblins
  6 jackals
  4 quokkas
  A ball python (D:3)
  7 bats
  2 frilled lizards (D:1)
  6 kobolds
  7 rats
74 creatures vanquished.

Vanquished Creatures (collateral kills)
  An ogre (D:4)
  An orc priest (D:3)
  A goblin (D:2)
  A bat (D:2)
  A kobold (D:2)
5 creatures vanquished.

Grand Total: 79 creatures vanquished

Notes
Turn   | Place    | Note
-------+----------+-------------------------------------------
     0 | D:1      | Harpaggios the Merfolk Transmuter began the quest for the
                  | Orb.
     0 | D:1      | Reached XP level 1. HP: 15/15 MP: 3/3
   228 | D:1      | Reached skill level 3 in Transmutations
   290 | D:1      | Reached XP level 2. HP: 18/21 MP: 5/5
   556 | D:1      | You fall through a shaft!
   693 | D:1      | Reached XP level 3. HP: 20/27 MP: 4/6
   989 | D:1      | Reached skill level 4 in Transmutations
   994 | D:1      | Learned a level 2 spell: Sticks to Snakes
   998 | D:1      | Learned a level 3 spell: Spider Form
  1429 | D:2      | Reached XP level 4. HP: 28/33 MP: 7/7
  2294 | D:3      | Found a glowing golden altar of the Shining One.
  2340 | D:3      | Reached skill level 1 in Poison Magic
  2517 | D:3      | Reached skill level 5 in Transmutations
  2517 | D:3      | Reached XP level 5. HP: 3/39 MP: 1/8
  2916 | D:3      | Found a faded altar of an unknown god.
  3028 | D:3      | Found a burning altar of Makhleb.
  3033 | D:3      | Found a shadowy altar of Dithmenos.
  3044 | D:3      | Became a worshipper of Makhleb the Destroyer
  3588 | D:4      | Found a basalt altar of Yredelemnul.
  3593 | D:4      | Noticed an ogre
  3603 | D:4      | Killed an ogre
  3603 | D:4      | Reached XP level 6. HP: 20/47 MP: 2/9
  3845 | D:4      | Reached skill level 6 in Transmutations
  4016 | D:4      | Gained mutation: Scrolls take you a little longer to read.
                  | [potion of mutation]
  4016 | D:4      | Gained mutation: Your body sometimes deteriorates upon
                  | taking damage. [potion of mutation]
  4016 | D:4      | Gained mutation: You passively map a small area around you.
                  | [potion of mutation]
  4016 | D:4      | Gained mutation: You possess an exceptional clarity of
                  | mind. [potion of mutation]
  4026 | D:4      | Lost mutation: Scrolls take you a little longer to read.
                  | [potion of mutation]
  4026 | D:4      | Lost mutation: You passively map a small area around you.
                  | [potion of mutation]
  4026 | D:4      | Gained mutation: You do not regenerate when monsters are
                  | visible. [potion of mutation]
  4026 | D:4      | Gained mutation: Your mind is acute. (Int +2) [potion of
                  | mutation]
  4285 | D:4      | Noticed an ice beast
  4307 | D:4      | Killed an ice beast
  4307 | D:4      | Reached skill level 5 in Unarmed Combat
  4307 | D:4      | Reached XP level 7. HP: 22/52 MP: 5/10
  4483 | D:4      | Found a hazy altar of Hepliaklqana.
  4800 | D:5      | Entered Level 5 of the Dungeon
  4831 | D:5      | Killed from afar by an orc priest

Skill      XL: |  1  2  3  4  5  6 |
---------------+-------------------+-----
Transmutations | 3 4 5 6 |  6.0
Fighting       | 2 3 |  3.6
Unarmed Combat | 4 5 |  5.1
Poison Magic   | 1 2 |  2.8
Dodging        | 3 |  3.3
Spellcasting   | |  2.0

Action                   |  1- 3 |  4- 6 |  7- 9 || total
-------------------------+-------+-------+-------++-------
Melee: Unarmed           |   122 |   179 |    11 ||   312
       Headbutt          |     2 |       |       ||     2
       Punch             |     2 |     2 |       ||     4
 Cast: Beastly Appendage |     5 |       |       ||     5
       Sticks to Snakes  |     3 |     9 |       ||    12
       Spider Form       |       |     4 |     1 ||     5
Evoke: Wand              |       |     3 |       ||     3
  Use: Scroll            |     2 |     4 |       ||     6
       Potion            |       |     3 |       ||     3
  Eat: Chunk             |     2 |     9 |       ||    11
       Ration            |       |       |     1 ||     1
Armor: Robe              |    32 |    29 |       ||    61
       Skin              |       |     1 |     2 ||     3
Dodge: Dodged            |    85 |   107 |     9 ||   201
